 Dungeon Crawl Stone Soup version 0.28-a0-1389-gc726bef33b (webtiles) character file.

Game seed: 4531857914602181216

141 Deminshera the Skirmisher (level 5, -10/48 HPs)
             Began as a Ghoul Monk on Jan 3, 2022.
             Killed by divine providence
             ... invoked by an orc priest
              (12 damage)
             ... on level 4 of the Dungeon.
             The game lasted 00:03:03 (2894 turns).

Deminshera the Skirmisher (Ghoul Monk)              Turns: 2894, Time: 00:03:07

Health: -10/48     AC:  9    Str: 17    XL:     5   Next: 24%
Magic:  4/4        EV:  7    Int:  5    God:
Gold:   20         SH:  0    Dex: 11    Spells: 4/4 levels left

rFire   . . .      SeeInvis .     - Unarmed
rCold   + . .      Faith    .   (no shield)
rNeg    + + +      Spirit   .   e - +0 chain mail
rPois   ∞          Reflect  .   n - +0 helmet
rElec   .          Harm     .   (no cloak)
rCorr   .          Rampage  .   (no gloves)
Will    .....                   (no boots)
Stlth   ..........              (no amulet)
HPRegen 0.00/turn               (no ring)
MPRegen 0.09/turn               (no ring)

@: flying, inhibited regen
A: claws 1, cold resistance 1, negative energy resistance 3, inhibited
regeneration, torment resistance 2
a: no special abilities


You were on level 4 of the Dungeon.
You visited 1 branch of the dungeon, and saw 4 of its levels.

You collected 65 gold pieces.
You spent 45 gold pieces at shops.

Inventory:

Armour
 e - a +0 chain mail (worn)
 n - a +0 helmet (worn)
Scrolls
 a - a scroll of noise {unknown}
 j - 2 scrolls of identify {unknown}
 k - a scroll of summoning {unknown}
 l - 2 scrolls of teleportation {unknown}
Potions
 b - a potion of heal wounds {unknown}
 c - a potion of attraction {unknown}
 d - a potion of degeneration {unknown}
 f - a potion of curing {unknown}
 g - a potion of haste {unknown}
 h - a potion of flight
 i - a potion of magic {unknown}


   Skills:
 - Level 5.0 Fighting
 - Level 3.0 Dodging
 - Level 3.0 Stealth
 + Level 4.4 Unarmed Combat


You had 4 spell levels left.
You didn't know any spells.
Your spell library contained the following spells:

 Spells                   Type           Power      Damage    Failure   Level
 Corpse Rot               Necr/Air       0%         N/A       100%        2
 Poisonous Vapours        Pois/Air       0%         N/A       100%        2


Dungeon Overview and Level Annotations

Branches:
Dungeon (4/15)
 Temple: D:4-7

Altars:
Cheibriados
Wu Jian
Xom

Shops:
D:2 *

Annotations:
D:3 2 transporters, vim's ghost, amateur VSFi


Innate Abilities, Weirdness & Mutations

You thrive by killing the living.
You are immune to poison.
You have sharp fingernails.
Your flesh is cold resistant. (rC+)
You are immune to negative energy. (rN+++)
You do not regenerate when monsters are visible.
You are immune to unholy pain and torment.


Message History

The orc priest is severely wounded.
Something hits you.
The orc priest hits you but does no damage.
Something hits you but does no damage.
You miss something. Something hits you but does no damage.
The orc priest hits you but does no damage.
Something hits you.
You're too confused to move!
Something hits you but does no damage.
The orc priest hits you but does no damage.
Something hits you.
You're too confused to move!
Something hits you but does no damage.
The orc priest hits you with a +0 dagger.
* * * LOW HITPOINT WARNING * * *
Something hits you but does no damage.
You bump into the rock wall.
You hear some strange, mumbled words.
A magic dart appears from out of thin air!
The magic dart hits you.
* * * LOW HITPOINT WARNING * * *
The orc priest hits you with a +0 dagger.
* * * LOW HITPOINT WARNING * * *
Something hits you but does no damage.
You scratch something but do no damage.
You hear some strange, mumbled words.
Something tries to affect you, but you resist.
The orc priest closely misses you. Something hits you but does no damage.
You bump into the rock wall.
You hear some strange, mumbled words.
A magic dart appears from out of thin air!
The magic dart hits you.
* * * LOW HITPOINT WARNING * * *
The orc priest closely misses you. Something hits you but does no damage.
It was a potion of flight.
You feel very buoyant.
You fly up into the air.
You feel less confused. Something hits you but does no damage.
The orc priest calls down the wrath of Beogh upon you.
Beogh smites you!
You die...

#......# #....!.#...
+......+...####### ..
#..... #....#....#....
.... #....#....#.....
##'####....#....#.....
#.....#....#....PP....
#...{o+....#......P...
+...{@#....'..P.♣PP...
####.##...##..♣P♣♣PP..
####.##.##...##.....♣♣P..
#..................P.P...
#.....................P..
+....................PP..
#...................♣♣♣♣.
#...#############...PP♣..
#### #.....♣♣.


You could see an orc priest.

Vanquished Creatures
  A hound (D:4)
  Jessica (D:3)
  A hound skeleton (D:4)
  An adder (D:3)
  An adder skeleton (D:4)
  A worm (D:3)
  3 orcs (D:3)
  3 endoplasms
  3 giant cockroaches
  3 goblins
  7 hobgoblins
  3 jackals (D:1)
  3 quokkas
  8 ball pythons
  4 bats
  3 frilled lizards (D:3)
  3 kobolds
  8 rats
57 creatures vanquished.

Vanquished Creatures (others)
  A giant cockroach (D:3)
  A goblin (D:3)
  2 hobgoblins (D:3)
4 creatures vanquished.

Grand Total: 61 creatures vanquished

Notes
Turn   | Place    | Note
-------+----------+-------------------------------------------
     0 | D:1      | Deminshera the Ghoul Monk began the quest for the Orb.
     0 | D:1      | Reached XP level 1. HP: 19/19 MP: 0/0
    45 | D:1      | Found a faded altar of an unknown god.
   533 | D:1      | Reached XP level 2. HP: 26/26 MP: 1/1
  1188 | D:2      | Found Awimu's Assorted Antiques.
  1196 | D:2      | Bought 2 amethyst potions for 45 gold pieces
  1248 | D:2      | Reached XP level 3. HP: 21/31 MP: 2/2
  1346 | D:2      | Found a snail-covered altar of Cheibriados.
  1831 | D:3      | Found a shimmering altar of Xom.
  2325 | D:3      | Reached skill level 4 in Fighting
  2346 | D:3      | Reached XP level 4. HP: 26/40 MP: 3/3
  2455 | D:3      | Found a transporter.
  2455 | D:3      | Noticed vim's ghost (amateur VSFi)
  2457 | D:3      | Noticed an ogre
  2457 | D:3      | Noticed an ogre
  2466 | D:3      | Found a transporter.
  2476 | D:3      | Noticed Jessica
  2479 | D:3      | Killed Jessica
  2562 | D:3      | Found an ornate altar of the Wu Jian Council.
  2727 | D:4      | Reached skill level 5 in Fighting
  2727 | D:4      | Reached XP level 5. HP: 45/48 MP: 4/4
  2893 | D:4      | HP: 2/48 [something/magic dart (6)]
  2894 | D:4      | Killed from afar by an orc priest

Illustrated notes

Levels and vault maps discovered:
D:1:      roderic_octagonal_star, layout_basic,
          shapermc_ecumenical_altar_notcrosses
D:2:      layout_rooms, serial_shops, shop, basic_altar
D:3:      layout_basic, xom_confusion_cloud, marbit_many_paths,
          gammafunk_ghost_smash, uniq_jessica
D:4:      cheibrodos_fertilizer, layout_gridville,
          nicolae_overflow_crystal_walls, mainiacjoe_overflow_catwalk,
          serial_shops, nicolae_shop_advertising_works
          [nicolae_subvault_shop_adworks], serial_forest,
          infiniplex_forest_end_2, infiniplex_forest_clump_double,
          infiniplex_forest_straight_3, infiniplex_forest_lined_3

Skill      XL: |  1  2  3  4 |
---------------+-------------+-----
Dodging        | 3 |  3.0
Stealth        | 3 |  3.0
Fighting       | 4 5 |  5.0
Unarmed Combat | 4 |  4.4

Action                   |  1- 3 |  4- 6 || total
-------------------------+-------+-------++-------
Melee: Unarmed           |   142 |    40 ||   182
  Use: Potion            |       |     1 ||     1
Armor: Chain mail        |    80 |    42 ||   122
Dodge: Dodged            |    50 |    19 ||    69

Table legend: (Time is in decaauts)
 A = Elapsed time spent in this place.
 B = Non-inter-level travel time spent in this place.
 C = Inter-level travel time spent in this place.
 D = Time resting spent in this place.
 E = Time spent auto-exploring this place.
 F = Levels seen in this place.
 G = Mean time per level.
                   A        B        C        D        E       F      G
               +--------+--------+--------+--------+--------+-----+--------+
         Total |   2882 |   2771 |    111 |    138 |   2204 |   4 |  720.5 |
       Dungeon |   2882 |   2771 |    111 |    138 |   2204 |   4 |  720.5 |
               +--------+--------+--------+--------+--------+-----+--------+

Top non-repeatable levels by time:
     D:3: 1139 daAuts
     D:1: 1111 daAuts
     D:2: 451 daAuts
     D:4: 180 daAuts
